 Dungeon Crawl Stone Soup version 0.29.1-15-g9cfb28693d (webtiles) character file.

Game seed: 13766004269718996817

2555 Renzlar the Blocker (level 9, -7/74 HPs)
             Began as a Gnoll Fighter on Mar 10, 2023.
             Was a Priest of Okawaru.
             Killed from afar by a steam dragon (13 damage)
             ... with a ball of steam
             ... on level 7 of the Dungeon.
             The game lasted 00:18:17 (6811 turns).

Renzlar the Blocker (Gnoll Fighter)                 Turns: 6811, Time: 00:18:18

Health: -7/74      AC: 15    Str: 19    XL:     9   Next: 56%
Magic:  15/15      EV: 11    Int:  9    God:    Okawaru [***...]
Gold:   223        SH: 10    Dex: 11    Spells: 17/17 levels left

rFire   . . .      SeeInvis .   b - +3 scimitar (flame)
rCold   . . .      Faith    .   c - +0 buckler
rNeg    . . .      Spirit   .   t - +0 scale mail
rPois   .          Reflect  +   e - +0 helmet
rElec   .          Harm     .   m - +2 cloak {rCorr}
rCorr   +          Rampage  .   f - +0 pair of gloves
Will    .....                   v - +0 pair of boots
Stlth   +.........              i - amulet of reflection
HPRegen 0.22/turn               (no ring)
MPRegen 0.14/turn               (no ring)

@: marked
A: fangs 1, strong nose, distributed training
a: Renounce Religion, Heroism


You were on level 7 of the Dungeon.
You worshipped Okawaru.
Okawaru was most pleased with you.
You visited 2 branches of the dungeon, and saw 8 of its levels.

You collected 223 gold pieces.

Inventory:

Hand Weapons
 a - a +0 war axe of flaming
 b - a +3 scimitar of flaming (weapon)
Missiles
 n - 8 poisoned darts
 q - 2 boomerangs (quivered)
 u - 2 throwing nets
Armour
 c - a +0 buckler (worn)
 e - a +0 helmet (worn)
 f - a +0 pair of gloves (worn)
 m - a +2 cloak of preservation (worn)
 t - a +0 scale mail (worn)
 v - a +0 pair of boots (worn)
Jewellery
 i - an amulet of reflection (around neck)
Wands
 l - a wand of flame (18)
Scrolls
 g - a scroll of fear
Potions
 d - a potion of might
 h - a potion of cancellation
 j - 8 potions of curing
 k - a potion of magic
 o - a potion of haste {unknown}
 p - a potion of resistance
 r - a potion of degeneration {unknown}


   Skills:
 + Level 8.0 Fighting
 + Level 4.5 Short Blades
 + Level 4.5 Long Blades
 + Level 6.5 Axes
 + Level 4.5 Maces & Flails
 + Level 4.5 Polearms
 + Level 4.5 Staves
 + Level 4.5 Ranged Weapons
 + Level 4.5 Throwing
 + Level 8.0 Armour
 + Level 4.5 Dodging
 + Level 4.5 Stealth
 + Level 8.0 Shields
 + Level 4.5 Unarmed Combat
 + Level 4.5 Spellcasting
 + Level 3.7 Conjurations
 + Level 3.7 Hexes
 + Level 3.7 Summonings
 + Level 3.7 Necromancy
 + Level 3.7 Translocations
 + Level 3.7 Transmutations
 + Level 3.7 Fire Magic
 + Level 3.7 Ice Magic
 + Level 3.7 Air Magic
 + Level 3.7 Earth Magic
 + Level 3.7 Poison Magic
 + Level 5.0 Invocations
 + Level 4.5 Evocations


You had 17 spell levels left.
You didn't know any spells.
Your spell library contained the following spells:

 Spells                   Type           Power      Damage    Failure   Level
 Magic Dart               Conj           32%        1d4       19%         1
 Dazzling Flash           Conj/Hex       16%        N/A       47%         3
 Gell's Gravitas          Tloc           8%         N/A       47%         3
 Mephitic Cloud           Conj/Pois/Air  8%         N/A       47%         3
 Teleport Other           Tloc           8%         N/A       47%         3
 Iskenderun's Mystic Bla  Conj/Tloc      8%         2d4       87%         4
 Leda's Liquefaction      Hex/Erth       4%         N/A       87%         4
 Lee's Rapid Deconstruct  Erth           4%         3d6*      99%         5
 Dispersal                Tloc           4%         N/A       100%        6
 Starburst                Conj/Fire      4%         6d3       100%        6
 Statue Form              Tmut/Erth      5%         N/A       100%        6
 Call Imp                 Summ           Unusable   N/A       N/A         2

Dungeon Overview and Level Annotations

Branches:
Dungeon (7/15)             Temple (1/1) D:4

Altars:
Ashenzari
Cheibriados
Dithmenos
Elyvilon
Fedhas
Gozag
Hepliaklqana
Kikubaaqudgha
Makhleb
Nemelex Xobeh
Okawaru
Qazlal
Ru
Sif Muna
Trog
Uskayaw
Xom
Yredelemnul
Zin
The Shining One

Portals:
Abyss: D:4

Annotations:
D:4 2 transporters, Sanktem7's ghost, amateur MiFi
D:7 Maggie


Innate Abilities, Weirdness & Mutations

You have very sharp teeth.
Your uncanny sense of smell can sniff out nearby items.
Your experience applies equally to all skills.


Message History

Something hits you but does no damage. Something hits you.
Something hits you but does no damage. Something hits you.
You block something's attack.
You miss something. Something hits you! Something hits you but does no damage.
You closely miss something. Something hits you but does no damage.
Something hits you. Something hits you but does no damage.
You block something's attack.
You slash something! You burn something. Your bite misses something.
Something hits you.
* * * LOW HITPOINT WARNING * * *
Something hits you.
* * * LOW HITPOINT WARNING * * *
Something hits you but does no damage.
A steam dragon comes into view.
You hit something but do no damage. Something hits you.
* * * LOW HITPOINT WARNING * * *
Something hits you but does no damage.
Unknown command.
You barely miss something.
Something hits you but does no damage. x2
Maggie the Vainglorious comes into view.
She is wielding a +2 vorpal morningstar.
You block something's attack.
Unknown command.
You slash something! You burn something. Okawaru is honoured by your kill.
Reactivating autopickup.
You feel a bit more experienced.
Your life force feels restored.
Your Invocations skill increases to level 5!
The steam dragon breathes steam at you. The ball of steam misses you.
Unknown command.
You are engulfed in a cloud of scalding steam.
* * * LOW HITPOINT WARNING * * *
The steam dragon closely misses you.
The steam dragon claws you but does no damage.
You barely miss the steam dragon.
You are engulfed in a cloud of scalding steam.
The steam dragon breathes steam at you. The ball of steam hits you!
You die...

#~..##..>...##########........
#≈.....#'#....................
####~...#)#.#.########
#........ ~≈~~~...#)#.#.#
#...<.... .....)..#†#.#.#
#####........ ........#.#.#.#
#........#### .......<#.#.#..
+........+
..[....~~~#.#########........#
......~≈≈≈~##§§§@D@.........##
......~≈.~~_###############.#
......~≈≈≈~## #.# .......~~~##
#.# .?.....#### .# #######


You could see Maggie and a steam dragon (catching breath).

Vanquished Creatures
  An unseen horror (D:7)
  A steam dragon (D:6)
  Menkaure (D:5)
  3 water moccasins
  3 ogres
  A kobold brigand (D:5)
  Blork the orc (D:6)
  A gnoll sergeant (D:7)
  2 necrophages
  2 scorpions
  10 wights
  A gnoll bouda (D:5)
  3 hounds
  An orc priest (D:4)
  Crazy Yiuf (D:2)
  2 iguanas
  2 orc wizards
  9 gnolls
  5 adders
  A shadow imp (D:5)
  An ufetubus (D:4)
  A worm (D:5)
  3 dart slugs
  18 orcs
  4 bats
  8 endoplasms
  2 giant cockroaches
  6 goblins
  7 hobgoblins
  13 kobolds
  5 quokkas
  4 ball pythons
  3 frilled lizards
  4 rats
130 creatures vanquished.

Notes
Turn   | Place    | Note
-------+----------+-------------------------------------------
     0 | D:1      | Renzlar the Gnoll Fighter began the quest for the Orb.
     0 | D:1      | Reached XP level 1. HP: 23/23 MP: 1/1
   201 | D:1      | Reached XP level 2. HP: 29/29 MP: 2/2
   905 | D:1      | Found a faded altar of an unknown god.
  1170 | D:2      | Reached XP level 3. HP: 35/35 MP: 3/3
  1236 | D:2      | Found a glowing golden altar of the Shining One.
  1492 | D:2      | Reached skill level 1 in Invocations
  1695 | D:2      | Noticed a scorpion
  1699 | D:2      | Killed a scorpion
  1700 | D:2      | Reached skill level 1 in Short Blades
  1700 | D:2      | Reached skill level 1 in Long Blades
  1700 | D:2      | Reached skill level 1 in Maces & Flails
  1700 | D:2      | Reached skill level 1 in Polearms
  1700 | D:2      | Reached skill level 1 in Staves
  1700 | D:2      | Reached skill level 1 in Ranged Weapons
  1700 | D:2      | Reached skill level 1 in Throwing
  1700 | D:2      | Reached skill level 1 in Dodging
  1700 | D:2      | Reached skill level 1 in Stealth
  1700 | D:2      | Reached skill level 1 in Unarmed Combat
  1700 | D:2      | Reached skill level 1 in Spellcasting
  1700 | D:2      | Reached skill level 1 in Conjurations
  1700 | D:2      | Reached skill level 1 in Hexes
  1700 | D:2      | Reached skill level 1 in Summonings
  1700 | D:2      | Reached skill level 1 in Necromancy
  1700 | D:2      | Reached skill level 1 in Translocations
  1700 | D:2      | Reached skill level 1 in Transmutations
  1700 | D:2      | Reached skill level 1 in Fire Magic
  1700 | D:2      | Reached skill level 1 in Ice Magic
  1700 | D:2      | Reached skill level 1 in Air Magic
  1700 | D:2      | Reached skill level 1 in Earth Magic
  1700 | D:2      | Reached skill level 1 in Poison Magic
  1700 | D:2      | Reached skill level 1 in Evocations
  1700 | D:2      | Reached XP level 4. HP: 40/41 MP: 5/5
  1859 | D:2      | Found a runed translucent door.
  1860 | D:2      | Noticed Crazy Yiuf
  1868 | D:2      | Killed Crazy Yiuf
  1869 | D:2      | Reached XP level 5. HP: 33/47 MP: 5/7
  3105 | D:4      | Reached XP level 6. HP: 53/53 MP: 8/8
  3157 | D:4      | Found a staircase to the Ecumenical Temple.
  3169 | Temple   | Entered the Ecumenical Temple
  3188 | Temple   | Became a worshipper of Warmaster Okawaru
  3270 | D:4      | Reached skill level 5 in Axes
  3351 | D:4      | Noticed a toenail golem
  3360 | D:4      | Found a transporter.
  3360 | D:4      | Noticed a small abomination
  3417 | D:4      | Found a transporter.
  3525 | D:4      | Found a one-way gate to the infinite horrors of the Abyss.
  3553 | D:4      | Noticed Sanktem7's ghost (amateur MiFi)
  3590 | D:4      | Found a glowing golden altar of the Shining One.
  3591 | D:4      | Found an opulent altar of Gozag.
  4234 | D:4      | You fall into a shaft and drop 3 floors!
  4255 | D:7      | Noticed a water moccasin
  4266 | D:7      | Killed a water moccasin
  4267 | D:7      | Reached XP level 7. HP: 60/60 MP: 10/10
  4366 | D:7      | Found a snail-covered altar of Cheibriados.
  4391 | D:6      | Reached * piety under Okawaru
  4400 | D:6      | Reached XP level 8. HP: 26/67 MP: 12/12
  4617 | D:5      | Entered Level 5 of the Dungeon
  4714 | D:5      | Found a blossoming altar of Fedhas.
  5492 | D:6      | Noticed Menkaure
  5616 | D:6      | Reached ** piety under Okawaru
  5622 | D:5      | Killed Menkaure
  5816 | D:6      | Noticed Blork the orc
  5822 | D:6      | Killed Blork the orc
  5823 | D:6      | Reached XP level 9. HP: 64/73 MP: 14/14
  6419 | D:6      | Reached *** piety under Okawaru
  6807 | D:7      | Noticed Maggie
  6808 | D:7      | Killed an unseen horror
  6809 | D:7      | Reached skill level 5 in Invocations
  6811 | D:7      | Killed from afar by a steam dragon

Illustrated notes

Levels and vault maps discovered:
D:1:      scummos_arrival_simple_crosswalls, layout_basic,
          dreamdust_ecumenical_altar_hidden_monk_grotto, st_stairs_13
D:2:      layout_loops_ring, basic_altar, uniq_crazy_yiuf_cottage
D:3:      wad_river_or_something, layout_loops_ring, item_on_display_a
D:4:      layout_basic, mainiacjoe_overflow_divided_tiny,
          minmay_temple_entry_antechambers, gammafunk_ghost_abyssal_escape
D:5:      layout_loops_ring, fedhas_altar_1, mumra_transporter_accident
D:6:      layout_rooms, uniq_blork_the_orc, uniq_menkaure
D:7:      minmay_cornered_nines, layout_basic, kennysheep_slug_shrine,
          lemuel_coloured_pillars_altar, enter_bailey_3, uniq_maggie
Temple:   lightli_temple_of_artemis

Skill      XL: |  1  2  3  4  5  6  7  8  9 |
---------------+----------------------------+-----
Invocations    | 1 2 3 4 5 |  5.0
Short Blades   | 1 2 3 4 |  4.5
Long Blades    | 1 2 3 4 |  4.5
Maces & Flails | 1 2 3 4 |  4.5
Polearms       | 1 2 3 4 |  4.5
Staves         | 1 2 3 4 |  4.5
Ranged Weapons | 1 2 3 4 |  4.5
Throwing       | 1 2 3 4 |  4.5
Dodging        | 1 2 3 4 |  4.5
Stealth        | 1 2 3 4 |  4.5
Unarmed Combat | 1 2 3 4 |  4.5
Spellcasting   | 1 2 3 4 |  4.5
Conjurations   | 1 2 3 |  3.7
Hexes          | 1 2 3 |  3.7
Summonings     | 1 2 3 |  3.7
Necromancy     | 1 2 3 |  3.7
Translocations | 1 2 3 |  3.7
Transmutations | 1 2 3 |  3.7
Fire Magic     | 1 2 3 |  3.7
Ice Magic      | 1 2 3 |  3.7
Air Magic      | 1 2 3 |  3.7
Earth Magic    | 1 2 3 |  3.7
Poison Magic   | 1 2 3 |  3.7
Evocations     | 1 2 3 4 |  4.5
Axes           | 5 6 |  6.5
Fighting       | 7 8 |  8.0
Armour         | 7 8 |  8.0
Shields        | 7 8 |  8.0

Action                   |  1- 3 |  4- 6 |  7- 9 || total
-------------------------+-------+-------+-------++-------
Melee: War axe           |    91 |   117 |    42 ||   250
       Bite              |     4 |    13 |    31 ||    48
       Scimitar          |       |       |   184 ||   184
Throw: Dart              |       |     2 |       ||     2
       Boomerang         |       |       |     6 ||     6
Invok: Heroism           |       |       |     1 ||     1
  Use: Scroll            |     5 |     5 |     5 ||    15
       Potion            |       |     1 |     1 ||     2
Armor: Scale mail        |    42 |    30 |    79 ||   151
Dodge: Dodged            |    41 |    28 |    93 ||   162
Block: Buckler           |    30 |    50 |   120 ||   200
       Reflection        |       |       |     1 ||     1
